 Dungeon Crawl Stone Soup version 0.30.1-4-g462c640d31 (webtiles) character file.

Game seed: 16510467130299819159

51 Arctor the Digger (level 3, -2/19 HPs)
             Began as a Deep Elf Earth Elementalist on Sept 15, 2023.
             Succumbed to an orc's poison
             ... on level 2 of the Dungeon.
             The game lasted 00:01:50 (1268 turns).

Arctor the Digger (Deep Elf Earth Elementalist)     Turns: 1268, Time: 00:01:51

Health: -2/19      AC:  3    Str:  5    XL:     3   Next: 58%
Magic:  10/10      EV: 13    Int: 21    God:
Gold:   120        SH:  0    Dex: 15    Spells: 6/9 levels left

rFire   . . .        d - +2 whip (distort)
rCold   . . .        (no shield)
rNeg    . . .        a - +0 robe
rPois   .            l - +0 hat
rElec   .            (no cloak)
rCorr   .            f - +0 pair of gloves
SInv    .            (no boots)
Will    .....        (no amulet)
Stlth   ++           i - ring of wizardry
HPRegen 0.23/turn    (no ring)
MPRegen 0.12/turn

%: wizardry (x1)
@: lethally poisoned (-2 -> -13), hasted, very quick
A: no striking features
a: no special abilities


You were on level 2 of the Dungeon.
You visited 1 branch of the dungeon, and saw 2 of its levels.

You collected 120 gold pieces.

Inventory:

Hand Weapons
 d - a +2 whip of distortion (weapon)
Missiles
 m - 5 boomerangs
 n - 4 atropa-tipped darts
Armour
 a - a +0 robe (worn)
 f - a +0 pair of gloves (worn)
 l - a +0 hat (worn)
Jewellery
 i - a ring of wizardry (left hand)
 o - a ring of protection from fire
Scrolls
 e - a scroll of identify {unknown}
 g - a scroll of fog
 h - 4 scrolls of teleportation {unknown}
Potions
 b - a potion of magic
 c - a potion of haste
 j - a potion of heal wounds {unknown}
 k - a potion of might {unknown}


   Skills:
 + Level 3.0 Dodging
 + Level 3.1 Stealth
 + Level 3.5 Spellcasting
 + Level 2.0 Transmutations
 + Level 3.7 Earth Magic


You had 6 spell levels left.
You knew the following spells:

 Your Spells              Type           Power      Damage    Failure   Level
a - Sandblast             Erth           38%        2d10      1%          1
b - Passwall              Tmut/Erth      12%        N/A       2%          2

Your spell library contained the following spells:

 Spells                   Type           Power      Damage    Failure   Level
 Stone Arrow              Conj/Erth      22%        3d8       7%          3
 Petrify                  Tmut/Erth      15%        N/A       16%         4


Dungeon Overview and Level Annotations

Branches:
Dungeon (2/15)

Altars:


Message History

There are monsters nearby!
You hit the orc but do no damage.
Space warps horribly around the orc!
You kill the orc!
An orc wizard is nearby!
Found the +1 Delatra's gloves {ID++}.
You see here a +0 dagger.
An orc comes into view. It is wielding a +0 trident of venom.
You barely miss the orc.
The orc suddenly jeers.
The orc misses you.
An orc comes into view. It is wielding a +0 dagger.
You barely miss the orc. You hit the orc wizard.
The orc wizard is lightly wounded.
You hit the orc wizard.
The orc wizard is moderately wounded.
The orc wizard points at you and mumbles some strange words.
You are confused.
You are too confused!
You are too confused!
Unknown command.
You bump into the rock wall.
The orc completely misses you.
You barely miss the orc wizard.
The orc wizard is moderately wounded.
The orc wizard barely misses you. The orc barely misses you.
You barely miss the orc wizard.
The orc wizard is moderately wounded.
The orc hits you with a +0 dagger.
The orc hits you from afar with a +0 trident of venom.
You are lethally poisoned!
The orc wizard hits you with a +0 dagger.
You feel very sick. The orc closely misses you.
The orc wizard gestures at you while chanting.
The magic dart hits you!
* * * LOW HITPOINT WARNING * * *
You see here a +0 dagger.
It was a potion of haste.
You feel yourself speed up.
You feel less confused.
You die...

#.# #.# ###
#.#######.###..
#
#............).
#.
#.#######......
##' #.# #####..
#... #.## #..
#.... #####..#
#..
#.....#o8.##.#
#..
#[...o'o@..'.#
###
#.....#o8.####
#.... #####
#... ###


You could see an orc wizard and 3 orcs.

Vanquished Creatures
  2 adders (D:2)
  A worm (D:2)
  A dart slug (D:1)
  An orc (D:2)
  2 endoplasms (D:2)
  2 goblins (D:2)
  2 kobolds (D:2)
  2 quokkas
  6 bats
  3 frilled lizards (D:1)
  3 rats
25 creatures vanquished.

Notes
Turn   | Place    | Note
-------+----------+-------------------------------------------
     0 | D:1      | Arctor the Deep Elf Earth Elementalist began the quest for
                  | the Orb.
     0 | D:1      | Reached XP level 1. HP: 10/10 MP: 6/6
   628 | D:1      | Reached XP level 2. HP: 15/15 MP: 8/8
   680 | D:1      | Learned a level 2 spell: Passwall
   854 | D:2      | Reached XP level 3. HP: 13/19 MP: 9/9
   924 | D:2      | Found a faded altar of an unknown god.
  1258 | D:2      | Found the +1 Delatra's gloves {ID++}
  1268 | D:2      | Succumbed to an orc's poison

Illustrated notes

Levels and vault maps discovered:
D:1:      dpeg_arrival_arbitrary_c, layout_basic, minmay_misc_feat_x
D:2:      layout_basic, shapermc_ecumenical_altar_notcrosses,
          palyth_stone_intersect, pf_guarded_unrand_delatra

Skill      XL: |  1  2  3 |
---------------+----------+-----
Stealth        | 3 |  3.1
Dodging        | 3 |  3.0
Transmutations | 2 |  2.0
Spellcasting   | |  3.5
Earth Magic    | |  3.7

Action                     || total
---------------------------++-------
  Melee: Whip              ||    62
         Unarmed           ||     8
         Punch             ||     1
   Cast: Sandblast         ||     4
    Use: Scroll            ||     2
         Potion            ||     1
   Stab: Sleeping          ||     5
 Armour: Robe              ||    14
  Dodge: Dodged            ||    53
